 Dungeon Crawl Stone Soup version 0.28-b1-25-g9875b3fc8c (webtiles) character file.

Game seed: 1633765065813426966

2009 lordive the Destroyer (level 9, -4/51 HPs)
             Began as a Tengu Conjurer on Feb 1, 2022.
             Succumbed to a kobold brigand's curare-tipped dart
             ... on level 6 of the Dungeon.
             The game lasted 00:12:54 (7966 turns).

lordive the Destroyer (Tengu Conjurer)              Turns: 7966, Time: 00:12:54

Health: -4/51      AC:  2    Str:  6 (8)  XL:     9   Next: 22%
Magic:  8/18       EV: 15    Int: 20 (22) God:
Gold:   332        SH:  0    Dex: 10 (13) Spells: 15/18 levels left

rFire   . . .      SeeInvis .   u - +0 lajatang
rCold   . . .      Faith    .   (shield currently unavailable)
rNeg    . . .      Spirit   .   a - +0 robe
rPois   .          Reflect  .   (helmet restricted)
rElec   .          Harm     .   (no cloak)
rCorr   .          Rampage  .   (no gloves)
Will    .....                   (boots unavailable)
Stlth   ++........              (no amulet)
HPRegen 0.17/turn               (no ring)
MPRegen 0.16/turn               (no ring)

@: lethally poisoned (-4 -> -22), flying quickly and evasively, slowed, very
slow
A: beak, talons 3, nimble flight
a: no special abilities


You were on level 6 of the Dungeon.
You visited 1 branch of the dungeon, and saw 6 of its levels.
You also visited: Sewer.

You collected 332 gold pieces.

Inventory:

Hand Weapons
 l - a +4 short sword of speed
 q - a +3 morningstar
 u - a +0 lajatang (weapon)
Armour
 a - a +0 robe (worn)
Jewellery
 f - an amulet of magic regeneration
 o - an amulet of regeneration
 t - a ring of poison resistance
Scrolls
 c - a scroll of fog {unknown}
 d - 7 scrolls of identify {unknown}
 e - a scroll of immolation {unknown}
 i - 3 scrolls of blinking
 j - 2 scrolls of amnesia {unknown}
 k - 2 scrolls of fear {unknown}
 n - a scroll of silence {unknown}
 s - a scroll of teleportation {unknown}
 v - 3 scrolls of enchant armour {unknown}
 w - a scroll of vulnerability {unknown}
 y - a scroll of enchant weapon {unknown}
 z - a scroll of magic mapping {unknown}
Potions
 b - 2 potions of might
 g - a potion of degeneration
 h - a potion of brilliance {unknown}
 m - 4 potions of curing {unknown}
 p - 2 potions of heal wounds {unknown}
 r - a potion of berserk rage {unknown}
 x - 2 potions of haste {unknown}
 A - a potion of lignification {unknown}


   Skills:
 * Level 3.6 Fighting
 * Level 4.0 Armour
 * Level 4.7 Dodging
 - Level 2.0 Stealth
 * Level 3.9 Shields
 + Level 5.3 Spellcasting
 + Level 8.8 Conjurations
 * Level 4.1 Fire Magic


You had 15 spell levels left.
You knew the following spells:

 Your Spells              Type           Power      Damage    Failure   Level
a - Magic Dart            Conj           100%       1d8       1%          1
b - Searing Ray           Conj           80%        2d7       1%          2

Your spell library contained the following spells:

 Spells                   Type           Power      Damage    Failure   Level
 Dazzling Flash           Conj/Hex       46%        N/A       5%          3
 Stone Arrow              Conj/Erth      46%        3d9       5%          3
 Sandblast                Erth           10%        2d5       11%         1
 Slow                     Hex            20%        N/A       11%         1
 Ensorcelled Hibernation  Hex/Ice        10%        N/A       17%         2
 Passwall                 Tmut/Erth      4%         N/A       17%         2
 Fulminant Prism          Conj/Hex       11%        3d9       19%         4
 Iskenderun's Mystic Bla  Conj/Tloc      23%        2d6       19%         4
 Call Canine Familiar     Summ           5%         N/A       32%         3
 Confusing Touch          Hex            5%         N/A       32%         3
 Gell's Gravitas          Tloc           5%         N/A       32%         3
 Portal Projectile        Hex/Tloc       10%        N/A       32%         3
 Spider Form              Tmut/Pois      5%         N/A       32%         3
 Teleport Other           Tloc           5%         N/A       32%         3
 Vampiric Draining        Necr           5%         2d6       32%         3
 Anguish                  Hex/Necr       2%         N/A       73%         4
 Leda's Liquefaction      Hex/Erth       2%         N/A       73%         4
 Dispersal                Tloc           2%         N/A       100%        6


Dungeon Overview and Level Annotations

Branches:
Dungeon (6/15)              Sewer (visited)
 Temple: D:4-7

Altars:
Hepliaklqana

Shops:
D:2 (


Innate Abilities, Weirdness & Mutations

You have a beak for a mouth.
You have claws for feet.
Your magical nature lets you fly swiftly and evasively.


Message History

The searing ray hits the kobold!
You kill the kobold!
The searing ray misses the kobold brigand.
You finish channelling your searing ray.
You feel very sick.
The kobold brigand throws a curare-tipped dart.
The curare-tipped dart closely misses you.
Unknown command.
Casting: Searing Ray (safe; 1% risk of failure)
Confirm with . or Enter, or press ? or * to list all spells.
Aiming: Searing Ray (safe; 1% risk of failure)
Press: ? - help, Shift-Dir - straight line, f - kobold brigand
Aim: a kobold brigand, wielding a +0 short sword and quivering curare-tipped darts (heavily wounded, 77% to hit)
The searing ray hits the kobold brigand!
The kobold brigand is almost dead. (Press . to maintain the ray.)
You feel sick.
The kobold brigand throws a curare-tipped dart.
The curare-tipped dart hits you.
You are more poisoned.
You have difficulty breathing.
You feel as though you will be slow longer.
The kobold brigand throws a curare-tipped dart.
The curare-tipped dart hits you.
You are lethally poisoned!
You have difficulty breathing.
You feel as though you will be slow longer.
Unknown command.
The searing ray misses the kobold brigand.
* * * LOW HITPOINT WARNING * * *
You feel extremely sick.
The searing ray hits the kobold brigand!
You kill the kobold brigand!
* * * LOW HITPOINT WARNING * * *
You feel extremely sick.
Unknown command.
It was a potion of degeneration.
There was something very wrong with that liquid.
You feel weakened.
You feel dopey.
You feel clumsy.
You die...

#.# #.# #.#
#.# ##.##
##...#
##..#..#
###.#####..#
#.@## #..#
#$.#).# #..#
....# .).#
### ....##
..).# ...
...).# ..
...)).# .
#...### ####


There were no monsters in sight!

Vanquished Creatures
  Edmund (D:4)
  Menkaure (D:5)
  2 black bears
  A sky beast (D:5)
  2 necrophages (D:5)
  An ogre (D:6)
  A kobold brigand (D:6)
  2 bullfrogs (Sewer)
  3 scorpions
  A wyvern zombie (D:6)
  A bullfrog zombie (D:5)
  3 hounds
  A jelly (D:6)
  2 centaur skeletons
  Terence (D:3)
  Jessica (D:2)
  2 gnoll shamans
  2 bullfrog skeletons
  3 iguanas
  2 orc wizards (D:6)
  2 hound skeletons
  8 gnolls
  8 adders
  A shadow imp (D:6)
  A white imp (D:5)
  An ufetubus (D:6)
  An adder skeleton (D:4)
  5 worms
  A dart slug (D:1)
  7 orcs
  18 ball pythons
  9 endoplasms
  10 giant cockroaches
  3 goblins
  12 hobgoblins
  11 quokkas
  9 bats
  6 frilled lizards
  15 kobolds
  3 rats
164 creatures vanquished.

Notes
Turn   | Place    | Note
-------+----------+-------------------------------------------
     0 | D:1      | lordive the Tengu Conjurer began the quest for the Orb.
     0 | D:1      | Reached XP level 1. HP: 10/10 MP: 4/4
   261 | D:1      | Reached XP level 2. HP: 15/15 MP: 0/6
   645 | D:1      | Learned a level 2 spell: Searing Ray
   737 | D:1      | Reached XP level 3. HP: 20/20 MP: 0/7
  1525 | D:2      | Reached skill level 6 in Conjurations
  1554 | D:2      | Noticed Jessica
  1556 | D:2      | Killed Jessica
  1557 | D:2      | Reached skill level 1 in Fighting
  1557 | D:2      | Reached skill level 1 in Shields
  1557 | D:2      | Reached XP level 4. HP: 25/25 MP: 4/8
  1600 | D:2      | Reached skill level 1 in Fire Magic
  2056 | D:2      | Found Difaklus's Antique Weapon Shop.
  2090 | D:2      | Found a faded altar of an unknown god.
  2328 | D:2      | Found a hazy altar of Hepliaklqana.
  2498 | D:3      | Noticed Terence
  2504 | D:3      | Killed Terence
  2505 | D:3      | Gained mutation: Your magical nature lets you fly swiftly
                  | and evasively. [Tengu growth]
  2505 | D:3      | Reached XP level 5. HP: 29/29 MP: 1/9
  2696 | D:3      | Reached skill level 1 in Armour
  3278 | D:4      | Reached XP level 6. HP: 35/35 MP: 6/11
  3516 | D:4      | Noticed Edmund
  3580 | D:4      | Killed Edmund
  3966 | D:4      | Reached skill level 7 in Conjurations
  4223 | D:4      | Reached XP level 7. HP: 26/40 MP: 4/13
  4490 | D:5      | Entered Level 5 of the Dungeon
  4491 | D:5      | Noticed Menkaure
  4766 | D:5      | Killed Menkaure
  5079 | D:5      | Reached XP level 8. HP: 22/45 MP: 2/15
  5079 | D:5      | Found a glowing drain.
  5088 | Sewer    | Entered a sewer
  6023 | D:5      | Reached skill level 8 in Conjurations
  7305 | D:6      | Reached skill level 5 in Spellcasting
  7305 | D:6      | Reached XP level 9. HP: 46/51 MP: 8/17
  7965 | D:6      | HP: 2/51 [poisoned by a kobold brigand (curare-tipped
                  | dart)]
  7966 | D:6      | Succumbed to a kobold brigand's curare-tipped dart

Illustrated notes

Levels and vault maps discovered:
D:1:      heliophobic_arrival_enchanted_forest, layout_basic
D:2:      layout_basic, basic_altar, chequers_ecumenical_altar_simple,
          serial_shops, nicolae_shop_crystal, st_stairs_14, uniq_jessica
D:3:      layout_rooms, uniq_terence
D:4:      layout_loops_ring, uniq_edmund
D:5:      layout_cave_pools, portal_sewer_entry_d, uniq_menkaure
D:6:      layout_cave_pods, temple_hall

Skill      XL: |  1  2  3  4  5  6  7  8  9 |
---------------+----------------------------+-----
Conjurations   | 6 7 8 |  8.8
Fighting       | 1 2 3 |  3.6
Shields        | 1 2 3 |  3.9
Fire Magic     | 1 2 3 4 |  4.1
Armour         | 1 2 3 4 |  4.0
Dodging        | 3 4 |  4.7
Spellcasting   | 3 4 5 |  5.3
Stealth        | |  2.0

Action                   |  1- 3 |  4- 6 |  7- 9 || total
-------------------------+-------+-------+-------++-------
Melee: Short sword       |       |     1 |       ||     1
 Cast: Magic Dart        |    61 |    81 |   117 ||   259
       Searing Ray       |     1 |    16 |    44 ||    61
  Use: Potion            |       |       |     1 ||     1
Armor: Robe              |       |     1 |     5 ||     6
Dodge: Dodged            |     1 |    13 |    51 ||    65
